AoeStats
← ciullobit

Four Lakes

509325613Analyzed
1v1 RM · 7d ago on Sep 26, 2026· 33m 55s· 2 players
Game mode
Random Map
Map size
Tiny (2 player)
Population
200
Speed
Normal
Resources
Standard
Victory
Conquest
Starting age
Dark Age
Ending age
Imperial Age
RankedLock teamsTeams togetherTeam positionsShared explorationLock speedFull tech treeHidden civsTurbo modeCheats
Victory
Defeat
🇬🇷 Dravidians · Greece
559
+15
🇮🇹 Sicilians · Italy
529
-15
ciullobit
7:26 Loom
11:18 Feudal Age
11:44 Double-Bit Axe
14:15 Town Watch
15:57 Horse Collar
19:01 Gold Mining
19:01 Stone Mining
23:12 Forging
23:03 Scale Mail Armor
24:23 Wheelbarrow
24:53 Fletching
29:09 Castle Age
28:47 Padded Archer Armor
28:52 Scale Barding Armor
28:46 Fishing Lines
31:42 Bow Saw
32:51 Gillnets
33:29 Hand Cart
ser1980letis
0:31 Loom
10:31 Feudal Age
11:07 Town Watch
11:57 Wheelbarrow
11:24 Fishing Lines
11:54 Double-Bit Axe
18:07 Stone Mining
20:36 Castle Age
19:13 Fletching
19:21 Gold Mining
21:27 Bodkin Arrow
24:24 Hand Cart
27:01 Scale Mail Armor
27:12 Forging
27:34 Arson
27:49 Squires
31:07 Gillnets
Connection lost

Rejoining the realm…

Still unreachable

The connection could not be restored.

Session expired

The server has moved on; the page needs a fresh start.